 Dungeon Crawl Stone Soup version 0.30-a0-571-gdf30a72648 (webtiles) character file.

Game seed: 12206251960700887559

12674 Newt the Basher (level 11, -5/84 HPs)
             Began as a Demonspawn Gladiator on Dec 29, 2022.
             Was an Initiate of Gozag.
             Slain by a large slime creature (35 damage)
             ... on level 12 of the Dungeon.
             The game lasted 00:18:03 (10220 turns).

Newt the Basher (Demonspawn Gladiator)             Turns: 10220, Time: 00:18:04

Health: -5/84      AC: 19    Str: 30    XL:     11   Next: 65%
Magic:  11/11      EV: 15    Int:  9    God:    Gozag
Gold:   1264       SH:  5    Dex: 14    Spells: 10/10 levels left

rFire   . . .      SeeInvis .    z - +5 flail (elec)
rCold   . . .      Faith    .    (no shield)
rNeg    . . .      Spirit   .    q - +3 leather armour {rPois}
rPois   +          Reflect  +    c - +0 helmet
rElec   .          Harm     .    t - +1 cloak of Loss {*Slow rPois Regen+ Str+4}
rCorr   .          Rampage  .    (no gloves)
Will    .....                    (no boots)
Stlth   ++                       i - amulet of reflection
HPRegen 1.14/turn                E - +6 ring of strength
MPRegen 0.24/turn                (no ring)

@: sanguine armoured
A: foul stench 2, magic regeneration, sanguine armour 2, demonic touch 1
a: Renounce Religion, Potion Petition, Call Merchant, Bribe Branch


You were on level 12 of the Dungeon.
You worshipped Gozag.
Gozag was most pleased with you.
You visited 2 branches of the dungeon, and saw 12 of its levels.

You collected 1745 gold pieces.
You spent 358 gold pieces at shops.
You paid 123 gold pieces to Gozag.

Inventory:

Hand Weapons
 a - a +0 rapier
 h - a +5 dagger
 p - a +4 club
 z - a +5 flail of electrocution (weapon)
Missiles
 d - a throwing net (quivered)
 e - 7 javelins
 j - 7 boomerangs
 w - 4 poisoned darts
 R - 5 silver javelins
Armour
 b - a +0 leather armour
 c - a +0 helmet (worn)
 k - a +1 cloak
 q - a +3 leather armour of poison resistance (worn)
 t - the +1 cloak of Loss (worn) {*Slow rPois Regen+ Str+4}
   (You found it on level 4 of the Dungeon)

   Str:       It affects your strength (+4).
   rPois:     It protects you from poison.
   Regen:     It increases your rate of health regeneration.
   *Slow:     It may slow you when you take damage.
Jewellery
 i - an amulet of reflection (around neck)
 E - a +6 ring of strength (left hand)
 P - an amulet of guardian spirit
Wands
 l - a wand of roots (10)
 n - a wand of digging (11)
 H - a wand of light (3)
Scrolls
 r - 3 scrolls of torment
 v - a scroll of fear
 x - 2 scrolls of teleportation
 y - 3 scrolls of poison
 C - 2 scrolls of vulnerability
 F - a scroll of fog
 G - a scroll of brand weapon
 I - 6 scrolls of enchant armour
 N - a scroll of butterflies
 O - a scroll of amnesia
 S - a scroll of magic mapping
 T - a scroll of blinking {unknown}
Potions
 f - 3 potions of attraction
 g - 4 potions of cancellation
 m - 3 potions of lignification
 o - a potion of brilliance
 s - a potion of berserk rage
 u - 3 potions of curing
 A - a potion of degeneration
 B - a potion of resistance
 D - a potion of invisibility
 J - a potion of flight
 K - 2 potions of ambrosia
 L - a potion of might
 M - a potion of heal wounds
 Q - 2 potions of mutation


   Skills:
 + Level 7.2 Fighting
 - Level 2.6 Short Blades
 - Level 10.0 Maces & Flails
 - Level 5.0 Throwing
 - Level 8.0 Armour
 - Level 8.0 Dodging
 - Level 2.0 Stealth
 - Level 4.0 Evocations


You had 10 spell levels left.
You didn't know any spells.
Your spell library contained the following spells:

 Spells                   Type           Power      Damage    Failure   Level
 Beastly Appendage        Tmut           0%         N/A       41%         1
 Sting                    Tmut/Pois      0%         1d3       41%         1
 Summon Small Mammal      Summ           0%         N/A       41%         1
 Cigotuvi's Dreadful Rot  Necr/Pois/Air  0%         N/A       54%         2
 Poisonous Vapours        Pois/Air       0%         N/A       54%         2
 Sublimation of Blood     Necr           0%         N/A       54%         2
 Wereblood                Tmut           0%         N/A       54%         2
 Call Canine Familiar     Summ           0%         N/A       78%         3
 Inner Flame              Hex/Fire       0%         N/A       78%         3
 Mephitic Cloud           Conj/Pois/Air  0%         N/A       78%         3
 Spider Form              Tmut/Pois      0%         N/A       78%         3
 Summon Guardian Golem    Hex/Summ       0%         N/A       78%         3
 Cause Fear               Hex            0%         N/A       99%         4
 Olgreb's Toxic Radiance  Pois           0%         N/A       99%         4
 Petrify                  Tmut/Erth      0%         N/A       99%         4
 Irradiate                Conj/Tmut      0%         3d11      100%        5
 Metabolic Englaciation   Hex/Ice        0%         N/A       100%        5
 Statue Form              Tmut/Erth      0%         N/A       100%        6
 Discord                  Hex            0%         N/A       100%        8


Dungeon Overview and Level Annotations

Branches:
Dungeon (12/15)            Temple (1/1) D:6            Lair (0/5) D:8
    Orc: D:9-12

Altars:
Ashenzari
Cheibriados
Dithmenos
Fedhas
Gozag
Hepliaklqana
Kikubaaqudgha
Makhleb
Nemelex Xobeh
Okawaru
Ru
Sif Muna
Trog
Uskayaw
Vehumet
Wu Jian
Xom
Yredelemnul

Shops:
D:8 !(=!!   D:9 *   D:10 *   D:12 *


Innate Abilities, Weirdness & Mutations

You sometimes emit foul miasma when damaged in melee.
You regenerate magic rapidly.
When seriously injured, your blood forms thick armour. (AC +9)
Your touch may inflict minor irresistible damage on your foes.


Message History

There are monsters nearby! 3 slime creatures come into view.
Found a stone staircase leading up.
The slime creature quivers. x2
There is an open door here.
The helpless slime creature fails to defend itself.
You sock the slime creature!
You touch the slime creature!
The slime creature is moderately wounded.
The slime creature quivers. x2
The slime creature barely misses you.
Two slime creatures merge to form a large slime creature. x2
You hit the slime creature.
The slime creature is lightly wounded.
The slime creature closely misses you.
You sock the slime creature!
The slime creature is moderately wounded.
You thump the slime creature!
You touch the slime creature.
The slime creature is heavily wounded.
Two slime creatures merge to form an enormous slime creature.
The slime creature completely misses you.
You hit the slime creature.
The slime creature is heavily wounded.
The slime creature hits you but does no damage.
Two slime creatures merge to form a titanic slime creature.
Unknown command.
The titanic slime creature attacks as you move away!
The titanic slime creature misses you.
The titanic slime creature attacks as you move away!
The titanic slime creature hits you!
A titanic slime creature splits.
Two slime creatures merge to form an enormous slime creature.
The large slime creature hits you!!
The large slime creature attacks as you move away!
The large slime creature hits you!!
Your blood congeals into armour.
You emit a cloud of foul miasma!
The large slime creature is engulfed in dark miasma.
The large slime creature attacks as you move away!
The large slime creature hits you!!
You die...
Your body crumbles into a pile of gold.

#.....#.<#.##.#..#
#.....#..#.##.'..#
#.....#..#....#..#
#.##.<#..'....#..#
#.....#..#....#..#
#.....#..#..J.#..#
#.....#..#..ยง.####
#.....#..#...J#####
#.###.#..#...@#...#
#.###.#..#....#..## ##
#.....####....'..####### #.
#.............#..##....# #.
#..##.........#####....# #.
#..##.............#..########.
#.......#.####.#..#..#........
#.......#.# #.#.....#......#.
#.......#.# #.#.....'........


You could see an enormous slime creature and a large slime creature.

Vanquished Creatures
  Snorg (D:11)
  Erica (D:11)
  2 two-headed ogres
  Nergalle (D:10)
  An orange crystal statue (D:10)
  Pikel (D:7)
  A cyclops (D:10)
  A manticore (D:11)
  An unseen horror (D:11)
  A kobold demonologist (D:9)
  2 trolls
  A hornet (D:9)
  A vampire (D:10)
  3 shadows
  2 wraiths
  13 yaks
  Grum (D:11)
  2 steam dragons
  2 vampire mosquitoes (D:12)
  Menkaure (D:7)
  An acid dragon (D:9)
  A water moccasin (D:6)
  Duvessa (D:7)
  3 sky beasts
  3 orc warriors
  4 black bears
  2 ogres (D:7)
  A centaur (D:10)
  2 wolves (D:11)
  A phantom (D:4)
  4 lemures
  3 bullfrogs
  A gnoll sergeant (D:4)
  2 necrophages
  2 scorpions
  8 wights
  Dowan (D:7)
  4 killer bees (D:10)
  3 howler monkeys (D:9)
  4 jellies
  2 hounds
  4 orc priests
  Jessica (D:2)
  Ijyb (D:4)
  A gnoll bouda (D:5)
  4 iguanas
  4 orc wizards
  9 gnolls
  5 adders
  2 white imps
  3 worms
  A dart slug (D:2)
  21 orcs
  3 ball pythons
  8 endoplasms
  A giant cockroach (D:2)
  12 goblins
  6 hobgoblins
  10 jackals
  A quokka (D:4)
  4 bats
  A frilled lizard (D:1)
  3 kobolds
  A rat (D:1)
198 creatures vanquished.

Vanquished Creatures (others)
  7 fungi (D:11)
  3 plants
  4 toadstools (D:11)
14 creatures vanquished.

Grand Total: 212 creatures vanquished

Notes
Turn   | Place    | Note
-------+----------+-------------------------------------------
     0 | D:1      | Newt the Demonspawn Gladiator began the quest for the Orb.
     0 | D:1      | Reached XP level 1. HP: 16/16 MP: 1/1
   108 | D:1      | Reached skill level 1 in Stealth
   480 | D:1      | Gained mutation: When seriously injured, your blood forms
                  | armour. (AC +9) [demonic ancestry]
   480 | D:1      | Reached XP level 2. HP: 22/22 MP: 2/2
  1010 | D:2      | Reached XP level 3. HP: 28/28 MP: 3/3
  1400 | D:2      | Noticed Jessica
  1401 | D:2      | Found a hide-covered altar of Uskayaw.
  1414 | D:2      | Killed Jessica
  1415 | D:2      | Gained mutation: When seriously injured, your blood forms
                  | thick armour. (AC +9) [demonic ancestry]
  1415 | D:2      | Reached XP level 4. HP: 20/37 MP: 4/4
  1532 | D:2      | You fall into a shaft and drop 2 floors!
  1732 | D:4      | Noticed Ijyb
  1760 | D:4      | Killed Ijyb
  1761 | D:4      | Reached skill level 1 in Armour
  2101 | D:4      | Gained mutation: Your touch may inflict minor irresistible
                  | damage on your foes. [demonic ancestry]
  2101 | D:4      | Reached XP level 5. HP: 29/42 MP: 5/5
  2170 | D:4      | Noticed a phantom
  2179 | D:4      | Killed a phantom
  2180 | D:4      | Reached skill level 2 in Maces & Flails
  2350 | D:4      | Identified the +1 cloak of Loss {*Slow rPois Regen+ Str+4}
  2526 | D:4      | Reached skill level 3 in Maces & Flails
  2526 | D:4      | Reached XP level 6. HP: 26/48 MP: 6/6
  2740 | D:4      | Found a broken altar of Ashenzari.
  2940 | D:5      | Entered Level 5 of the Dungeon
  2944 | D:5      | Identified a scroll of acquirement
  2944 | D:5      | Acquired an amulet of reflection
  3021 | D:5      | Reached skill level 4 in Maces & Flails
  3210 | D:5      | Reached skill level 5 in Maces & Flails
  3210 | D:5      | Gained mutation: You may rarely emit foul miasma when
                  | damaged in melee. [demonic ancestry]
  3210 | D:5      | Reached XP level 7. HP: 50/54 MP: 7/7
  3384 | D:5      | Reached skill level 6 in Maces & Flails
  3881 | D:6      | Found a staircase to the Ecumenical Temple.
  3892 | Temple   | Entered the Ecumenical Temple
  4077 | Temple   | Became a worshipper of Gozag Ym Sagoz the Greedy
  4094 | D:6      | Found an ornate altar of the Wu Jian Council.
  4108 | D:6      | Found an iron altar of Okawaru.
  4235 | D:6      | Found a radiant altar of Vehumet.
  4235 | D:6      | Found a shimmering altar of Xom.
  4236 | D:6      | Found a bloodstained altar of Trog.
  4317 | D:6      | Reached XP level 8. HP: 45/60 MP: 8/8
  4441 | D:6      | Found a hazy altar of Hepliaklqana.
  4608 | D:6      | Reached skill level 5 in Armour
  4608 | D:6      | Reached skill level 1 in Evocations
  4753 | D:7      | Noticed a troll
  4822 | D:7      | Noticed Menkaure
  4875 | D:7      | Noticed Pikel
  4879 | D:7      | Killed Menkaure
  4880 | D:7      | Reached skill level 5 in Fighting
  4910 | D:7      | Killed Pikel
  5124 | D:7      | Reached XP level 9. HP: 68/69 MP: 9/9
  5216 | D:7      | Killed a troll
  5246 | D:7      | Reached skill level 5 in Throwing
  5632 | D:7      | Found a shimmering blue altar of Sif Muna.
  5710 | D:7      | Noticed Duvessa
  5711 | D:7      | Noticed Dowan
  5719 | D:7      | Killed Duvessa
  5727 | D:7      | Killed Dowan
  5744 | D:7      | Found a sparkling altar of Nemelex Xobeh.
  5837 | D:7      | Reached skill level 7 in Maces & Flails
  6581 | D:8      | Noticed a catoblepas
  6581 | D:8      | Noticed a two-headed ogre
  6581 | D:8      | Noticed a centaur warrior
  6581 | D:8      | Noticed a kobold demonologist
  6581 | D:8      | Noticed a manticore
  6581 | D:8      | Noticed a centaur warrior
  6582 | D:8      | Noticed a brown ugly thing
  6582 | D:8      | Noticed a centaur warrior
  6817 | D:8      | Noticed a two-headed ogre
  6823 | D:8      | Killed a two-headed ogre
  6824 | D:8      | Reached skill level 8 in Maces & Flails
  6824 | D:8      | Gained mutation: You sometimes emit foul miasma when
                  | damaged in melee. [demonic ancestry]
  6824 | D:8      | Reached XP level 10. HP: 70/76 MP: 10/10
  6865 | D:8      | Found Anky's Distillery.
  6891 | D:8      | Bought a potion of flight for 33 gold pieces
  6891 | D:8      | Bought a potion of ambrosia for 88 gold pieces
  6939 | D:8      | Found Xeck's Distillery.
  6950 | D:8      | Bought 2 potions of might for 112 gold pieces
  6959 | D:8      | Found Upilumm's Distillery.
  6966 | D:8      | Bought a potion of heal wounds for 65 gold pieces
  7072 | D:8      | Found Kapaky's Antique Weapon Emporium.
  7139 | D:8      | Found Qiuniega's Jewellery Boutique.
  7144 | D:8      | Found a staircase to the Lair.
  7224 | D:8      | Found a basalt altar of Yredelemnul.
  7226 | D:8      | Noticed a profane servitor
  7708 | D:9      | Reached skill level 9 in Maces & Flails
  7808 | D:9      | Noticed a two-headed ogre
  7815 | D:9      | Killed a two-headed ogre
  8008 | D:9      | Found Tuumus's General Store.
  8045 | D:9      | Reached skill level 10 in Maces & Flails
  8496 | D:10     | Entered Level 10 of the Dungeon
  8496 | D:10     | Noticed a cyclops
  8636 | D:10     | Killed a cyclops
  8708 | D:10     | Noticed Nergalle
  8714 | D:10     | Found a burning altar of Makhleb.
  8742 | D:10     | Killed Nergalle
  8765 | D:10     | Gained mutation: You regenerate magic rapidly. [demonic
                  | ancestry]
  8765 | D:10     | Reached XP level 11. HP: 21/81 MP: 11/11
  8858 | D:10     | Reached skill level 5 in Dodging
  8953 | D:10     | Noticed an orange crystal statue
  8971 | D:10     | Killed an orange crystal statue
  9057 | D:10     | Found Sueruq's Assorted Antiques.
  9065 | D:10     | Bought 2 scrolls labelled WYOTZU WIETZ for 60 gold pieces
  9275 | D:11     | Noticed Erica
  9289 | D:11     | Noticed Snorg
  9290 | D:11     | Killed Erica
  9300 | D:11     | Killed Snorg
  9314 | D:11     | Noticed Grum
  9614 | D:11     | Killed Grum
 10026 | D:12     | Found Giwyba's Goods Gallery.
 10220 | D:12     | Slain by a large slime creature

Illustrated notes

Levels and vault maps discovered:
D:1:      lightli_arrival_noodles, layout_basic, serial_bayou,
          serial_bayou_lagoon_a, serial_bayou_pond_e, serial_bayou_pond_a,
          serial_bayou_ford_a, chequers_serial_rivers_large_b
D:2:      layout_loops_ring, basic_altar, uniq_crazy_yiuf_cottage, uniq_jessica
D:4:      kennysheep_goblin_castle, layout_basic, cheibrodos_ashenzari_chains,
          mainiacjoe_overflow_cross_hatched, amcnicky_mini_corridor_feature
D:5:      layout_gridville, kennysheep_small_spiral
D:6:      layout_loops_cross, nzn_wu_jian_council_hall,
          mainiacjoe_overflow_brackets, gammafunk_temple_overflow_forgotten,
          okawaru_gym_becter, minmay_temple_entry_junction_2,
          nicolae_concentric_dashed_squares_wild, centaur_isle
D:7:      layout_basic, nemelex_dance_club_becter, lemuel_blue_sif_altar,
          zin_treasury, corexii_hall_statues_s, uniq_menkaure, uniq_pikel,
          uniq_duvessa
D:8:      layout_layer_cave, grunt_temple_overflow_holy_war, dpeg_oklobed_lair,
          serial_shops, shop, shop, shop, shop, shop, minivault_12
D:9:      layout_irregular_city, serial_shops, nicolae_shop_stone
D:10:     layout_rooms, kennysheep_mini_moat, serial_shops,
          nicolae_shop_competitors_out_of_business, minivault_16, uniq_nergalle
D:11:     layout_small_grid, minmay_gold_behind_fungi, uniq_erica, uniq_grum,
          uniq_snorg
D:12:     layout_stronghold, david_orc_4, nicolae_trove_entry_crossroad,
          nicolae_alphabet_shops, hangedman_decor_points
Temple:   nicolae_temple_bog_church

Skill      XL: |  1  2  3  4  5  6  7  8  9 10 11 |
---------------+----------------------------------+-----
Stealth        | 1 2 |  2.0
Fighting       | 3 4 6 7 |  7.2
Armour         | 2 4 5 8 |  8.0
Maces & Flails | 3 5 6 8 10 | 10.0
Evocations     | 4 |  4.0
Throwing       | 2 5 |  5.0
Dodging        | 4 8 |  8.0
Short Blades   | |  2.6

Action                   |  1- 3 |  4- 6 |  7- 9 | 10-12 || total
-------------------------+-------+-------+-------+-------++-------
Melee: Rapier            |    60 |       |       |       ||    60
       Dagger            |    45 |    40 |       |       ||    85
       Punch             |     1 |     2 |     2 |     7 ||    12
       Club              |       |   115 |   303 |       ||   418
       Touch             |       |    18 |    67 |    46 ||   131
       Flail             |       |       |    15 |   249 ||   264
Throw: Javelin           |     1 |       |       |       ||     1
       Boomerang         |       |    10 |       |     5 ||    15
       Throwing net      |       |     3 |       |     1 ||     4
Evoke: Wand              |       |     1 |       |       ||     1
  Use: Scroll            |     4 |     4 |    10 |     8 ||    26
       Potion            |       |     1 |     2 |     4 ||     7
 Stab: Sleeping          |     3 |     1 |     2 |     1 ||     7
       Held in net/web   |       |     1 |       |       ||     1
       Distracted        |       |       |       |     2 ||     2
Armor: Leather armour    |    32 |    52 |   114 |    91 ||   289
       Skin              |       |     2 |     1 |       ||     3
Dodge: Dodged            |    78 |    84 |   154 |   154 ||   470
Block: Other             |       |     7 |    65 |    56 ||   128
       Reflection        |       |       |       |     2 ||     2

Table legend: (Time is in decaauts)
 A = Elapsed time spent in this place.
 B = Non-inter-level travel time spent in this place.
 C = Inter-level travel time spent in this place.
 D = Time resting spent in this place.
 E = Time spent auto-exploring this place.
 F = Levels seen in this place.
 G = Mean time per level.
                   A        B        C        D        E       F      G
               +--------+--------+--------+--------+--------+-----+--------+
         Total |  10261 |   9909 |    352 |   1631 |   6414 |  12 |  855.1 |
       Dungeon |  10060 |   9735 |    325 |   1631 |   6244 |  11 |  914.5 |
        Temple |    201 |    174 |     27 |      0 |    169 |   1 |  201.0 |
               +--------+--------+--------+--------+--------+-----+--------+

Top non-repeatable levels by time:
     D:8: 1589 daAuts
     D:4: 1419 daAuts
     D:7: 1240 daAuts
     D:1: 1024 daAuts
     D:9: 991 daAuts
     D:6: 846 daAuts
     D:5: 831 daAuts
    D:11: 723 daAuts
    D:10: 634 daAuts
     D:2: 541 daAuts
    D:12: 218 daAuts
  Temple: 201 daAuts
